 Dungeon Crawl Stone Soup version 0.29-a0-330-g52719c12eb (webtiles) character file.

Game seed: 3120826367568091318

2235 kae the Firebug (level 8, 0/67 HPs)
             Began as a Demigod Fire Elementalist on May 11, 2022.
             Slain by Duvessa
             ... wielding a +0 short sword
              (11 damage)
             ... on level 6 of the Dungeon.
             The game lasted 00:06:59 (8984 turns).

kae the Firebug (Demigod Fire Elementalist)         Turns: 8984, Time: 00:06:59

Health: 0/67       AC:  4    Str: 13    XL:     8   Next: 91%
Magic:  3/18       EV: 14    Int: 25    God:
Gold:   355        SH:  0    Dex: 14    Spells: 2/15 levels left

rFire   . . .      SeeInvis .   g - +1 trident
rCold   . . .      Faith    +   (no shield)
rNeg    . . .      Spirit   .   a - +1 robe
rPois   .          Reflect  .   r - +0 helmet
rElec   .          Harm     .   f - scarf {+Inv}
rCorr   .          Rampage  .   (no gloves)
Will    .....                   (no boots)
Stlth   ++........              i - amulet "Qilep" {Faith Str+4}
HPRegen 0.21/turn               (no ring)
MPRegen 0.16/turn               (no ring)

@: no status effects
A: high MP 1, forlorn, divine attributes
a: Evoke Invisibility


You were on level 6 of the Dungeon.
You visited 1 branch of the dungeon, and saw 6 of its levels.
You also visited: Sewer.

You collected 355 gold pieces.

Inventory:

Hand Weapons
 g - a +1 trident (weapon)
Missiles
 j - a throwing net
Armour
 a - a +1 robe (worn)
 f - a scarf of invisibility (worn)
 r - a +0 helmet (worn)
Jewellery
 i - the amulet "Qilep" (around neck) {Faith Str+4}
   (You found it on level 3 of the Dungeon)

   [amulet of faith]

   It allows you to gain divine favour quickly.
   Str:       It affects your strength (+4).
Wands
 n - a wand of mindburst (16)
Scrolls
 b - a scroll of magic mapping
 c - 2 scrolls of identify
 e - a scroll of blinking
 o - a scroll of fear
 p - a scroll of enchant armour
Potions
 d - a potion of berserk rage
 h - a potion of haste
 l - a potion of flight
 m - a potion of might
Miscellaneous
 k - a piece from Xom's chessboard (15/15)


   Skills:
 + Level 4.3 Fighting
 + Level 4.9 Dodging
 - Level 1.7 Stealth
 + Level 4.4 Spellcasting
 + Level 4.5 Conjurations
 + Level 5.2 Fire Magic
 + Level 4.0 Evocations


You had 2 spell levels left.
You knew the following spells:

 Your Spells              Type           Power      Damage    Failure   Level
a - Foxfire               Conj/Fire      100%       2x1d9     1%          1
b - Scorch                Fire           64%        2d8       1%          2
c - Conjure Flame         Conj/Fire      30%        6-21      3%          3
d - Inner Flame           Hex/Fire       18%        N/A       9%          3
e - Flame Wave            Conj/Fire      30%        2d8       12%         4

Your spell library contained the following spells:

 Spells                   Type           Power      Damage    Failure   Level
 Blink                    Tloc           10%        N/A       13%         2
 Ensorcelled Hibernation  Hex/Ice        10%        N/A       13%         2
 Passwall                 Tmut/Erth      4%         N/A       13%         2
 Poisonous Vapours        Pois/Air       10%        N/A       13%         2
 Ignite Poison            Fire/Tmut/Pois 14%        N/A       13%         3
 Lesser Beckoning         Tloc           5%         N/A       26%         3
 Swiftness                Air            5%         N/A       26%         3
 Manifold Assault         Tloc           5%         N/A       94%         5
 Malign Gateway           Summ/Tloc      2%         N/A       100%        7
 Summon Horrible Things   Summ           2%         N/A       100%        8
 Shatter                  Erth           2%         3d6*      100%        9


Dungeon Overview and Level Annotations

Branches:
Dungeon (6/15)             Temple (0/1) D:5           Sewer (visited)

Shops:
D:2 (   D:4 =

Annotations:
D:2 1 runed translucent door, Crazy Yiuf
D:4 Eustachio
D:6 Duvessa


Innate Abilities, Weirdness & Mutations

You have an increased reservoir of magic. (+10% MP)
You shall have no god before yourself.
Your divine heritage dramatically boosts your attributes as you level up.


Message History

Press: ? - help, Dir - look around, f - activate A wave of flame ripples out!
The flame wave engulfs Duvessa.
Duvessa is lightly wounded. (Press . to intensify the flame waves.) Dowan casts a spell at you.
The puff of flame hits you! Duvessa barely misses you.
A wave of flame ripples out!
The flame wave engulfs Duvessa!
Duvessa is moderately wounded.
The flame wave engulfs Dowan!
You kill Dowan!
Duvessa screams, "No!
How DARE you!"
Duvessa goes berserk!
Duvessa hits you with a +0 short sword.
A wave of flame ripples out!
The flame wave engulfs Duvessa.
Duvessa is moderately wounded.
You finish channelling waves of flame.
Duvessa hits you with a +0 short sword! x2
Casting: Flame Wave (dangerous; 12% risk of failure)
Confirm with . or Enter, or press ? or * to list all spells.
Flames lash Duvessa but do no damage.
Duvessa misses you. Duvessa hits you with a +0 short sword!
Duvessa barely misses you.
Casting: Scorch (safe; 1% risk of failure)
Confirm with . or Enter, or press ? or * to list all spells.
Casting: Flame Wave (dangerous; 12% risk of failure)
Press: ? - help, Dir - look around, f - activate A wave of flame ripples out!
The flame wave engulfs Duvessa!
Duvessa is heavily wounded. (Press . to intensify the flame waves.) Duvessa hits you with a +0 short sword.
* * * LOW HITPOINT WARNING * * *
A wave of flame ripples out!
The flame wave engulfs Duvessa.
Duvessa is heavily wounded.
Duvessa barely misses you. x2
A wave of flame ripples out!
The flame wave engulfs Duvessa.
Duvessa is heavily wounded.
You finish channelling waves of flame.
You hear an angry hiss.
Duvessa barely misses you. Duvessa hits you with a +0 short sword.
* * * LOW HITPOINT WARNING * * *
Duvessa hits you with a +0 short sword!
You die...

........##
###......##
####....#
##..#..#
#...##..#
##.?.##..#
#...).##..#
#..#...##..
#..##e@# #.
#.. ##.#
#.. ### ...
.#


You could see Duvessa (berserk).

Vanquished Creatures
  Grinder (D:4)
  A water moccasin (D:6)
  An orc warrior (D:5)
  A sky beast (D:6)
  3 ogres (D:5)
  A centaur (D:5)
  A phantom (D:4)
  2 bullfrogs (Sewer)
  The ghost of initializr the Sneak, an amateur SpEn (D:3)
  3 necrophages
  2 scorpions (D:4)
  Dowan (D:6)
  An electric eel (D:6)
  4 hounds
  A jelly (D:5)
  A gnoll shaman (D:5)
  Jessica (D:2)
  4 orc wizards
  4 iguanas
  13 adders
  8 gnolls
  A white imp (D:4)
  3 worms
  14 orcs
  5 bats
  16 endoplasms
  12 giant cockroaches
  10 goblins
  6 hobgoblins
  5 jackals
  9 quokkas
  11 ball pythons
  9 frilled lizards
  6 kobolds
  8 rats
170 creatures vanquished.

Vanquished Creatures (collateral kills)
  A goblin (D:2)
  2 jackals (D:2)
3 creatures vanquished.

Vanquished Creatures (others)
  531 foxfires
531 creatures vanquished.

Grand Total: 704 creatures vanquished

Notes
Turn   | Place    | Note
-------+----------+-------------------------------------------
     0 | D:1      | kae the Demigod Fire Elementalist began the quest for the
                  | Orb.
     0 | D:1      | Reached XP level 1. HP: 14/14 MP: 5/5
   173 | D:1      | Reached skill level 1 in Conjurations
   310 | D:1      | Reached XP level 2. HP: 22/22 MP: 2/7
   313 | D:1      | Learned a level 2 spell: Scorch
  1312 | D:2      | Reached skill level 3 in Fire Magic
  1331 | D:2      | Noticed Jessica
  1335 | D:2      | Killed Jessica
  1336 | D:2      | Reached skill level 1 in Fighting
  1336 | D:2      | Reached XP level 3. HP: 28/28 MP: 5/8
  1340 | D:2      | Learned a level 3 spell: Conjure Flame
  1650 | D:2      | Reached XP level 4. HP: 24/35 MP: 1/10
  1810 | D:2      | Found Qiabye's Weapon Emporium.
  2298 | D:2      | Found a runed translucent door.
  2299 | D:2      | Noticed Crazy Yiuf
  2693 | D:3      | Identified the amulet "Qilep" {Faith Str+4}
  3306 | D:3      | Reached XP level 5. HP: 27/41 MP: 5/11
  3431 | D:3      | Found a runed translucent door.
  3436 | D:3      | Noticed initializr's ghost (amateur SpEn)
  4032 | D:3      | Killed initializr's ghost
  4033 | D:3      | Reached skill level 1 in Evocations
  4064 | D:3      | Got the Guide on Poison and the Mountains
  4112 | D:4      | Noticed Grinder
  4185 | D:4      | Found a glowing drain.
  4206 | D:4      | Reached XP level 6. HP: 48/48 MP: 0/13
  4210 | Sewer    | Entered a sewer
  4995 | D:4      | Noticed Eustachio
  5410 | D:4      | Found Sikyatt's Jewellery Emporium.
  5430 | D:4      | Reached skill level 4 in Fire Magic
  5430 | D:4      | Reached XP level 7. HP: 56/56 MP: 9/14
  5679 | D:4      | Killed Grinder
  6294 | D:5      | Entered Level 5 of the Dungeon
  6759 | D:5      | Reached XP level 8. HP: 49/63 MP: 9/16
  6892 | D:5      | Learned a level 3 spell: Inner Flame
  6897 | D:5      | Learned a level 4 spell: Flame Wave
  7788 | D:5      | Reached skill level 5 in Fire Magic
  7846 | D:5      | Found a staircase to the Ecumenical Temple.
  8962 | D:6      | Noticed Dowan
  8967 | D:6      | Noticed Duvessa
  8977 | D:6      | Killed Dowan
  8984 | D:6      | Slain by Duvessa

Illustrated notes

Levels and vault maps discovered:
D:1:      nagdon_arrival_zigzag_paths, layout_basic
D:2:      layout_basic, nicolae_ecumenical_oubliette, serial_shops, shop,
          uniq_crazy_yiuf_cottage, uniq_jessica
D:3:      layout_basic, lemuel_tele_altar, ebering_ghost_reflecting_pool,
          minmay_checkerbox
D:4:      layout_loops_ring, old_standard_altar, serial_shops,
          nicolae_shop_crystal, cheibrodos_sewer_entry_drain, kennysheep_nub,
          uniq_grinder, uniq_eustachio
D:5:      layout_loops_ring, minmay_temple_entry_nine_rooms
D:6:      layout_cave_pods, minmay_misc_feat_nine_boxes, fountainhead,
          uniq_duvessa

Skill      XL: |  1  2  3  4  5  6  7  8 |
---------------+-------------------------+-----
Conjurations   | 1 2 3 4 |  4.5
Dodging        | 2 3 4 |  4.9
Spellcasting   | 2 3 4 |  4.4
Fire Magic     | 3 4 5 |  5.2
Fighting       | 1 2 3 4 |  4.3
Evocations     | 1 2 3 4 |  4.0
Stealth        | |  1.7

Action                   |  1- 3 |  4- 6 |  7- 9 || total
-------------------------+-------+-------+-------++-------
Melee: Unarmed           |       |     2 |       ||     2
       Trident           |       |     9 |     3 ||    12
 Cast: Foxfire           |    56 |   159 |    93 ||   308
       Scorch            |     3 |    24 |    25 ||    52
       Conjure Flame     |       |       |     6 ||     6
       Flame Wave        |       |       |     3 ||     3
       Inner Flame       |       |       |     1 ||     1
  Use: Scroll            |     4 |     6 |     6 ||    16
       Potion            |       |     4 |     1 ||     5
Armor: Robe              |     4 |    14 |     8 ||    26
       Skin              |       |     2 |       ||     2
Dodge: Dodged            |    16 |    49 |    51 ||   116

Table legend: (Time is in decaauts)
 A = Elapsed time spent in this place.
 B = Non-inter-level travel time spent in this place.
 C = Inter-level travel time spent in this place.
 D = Time resting spent in this place.
 E = Time spent auto-exploring this place.
 F = Levels seen in this place.
 G = Mean time per level.
                   A        B        C        D        E       F      G
               +--------+--------+--------+--------+--------+-----+--------+
         Total |   9073 |   8607 |    466 |    337 |   6921 |   7 | 1296.1 |
       Dungeon |   8234 |   7768 |    466 |    284 |   6338 |   6 | 1372.3 |
         Sewer |    839 |    839 |      0 |     53 |    582 |   1 |  839.0 |
               +--------+--------+--------+--------+--------+-----+--------+

Top non-repeatable levels by time:
     D:5: 1911 daAuts
     D:3: 1702 daAuts
     D:4: 1665 daAuts
     D:2: 1534 daAuts
     D:1: 937 daAuts
   Sewer: 839 daAuts
     D:6: 483 daAuts
